 Dungeon Crawl Stone Soup version 0.32-a0-39-g5c88369fb2 (webtiles) character file.

Game seed: 6198355287396350366

1382 IndexError the Conjurer (level 8, -2/59 HPs)
             Began as a Gnoll Conjurer on Feb 6, 2024.
             Was a Follower of Sif Muna.
             Incinerated by a bombardier beetle (6 damage)
             ... with a burning spray
             ... on level 6 of the Dungeon.
             The game lasted 00:13:07 (8013 turns).

IndexError the Conjurer (Gnoll Conjurer)            Turns: 8013, Time: 00:13:07

Health: -2/59      AC:  4    Str:  6    XL:     8   Next: 67%
Magic:  0/17       EV: 13    Int: 20    God:    Sif Muna [*.....]
Gold:   403        SH:  0    Dex: 11    Spells: 5/19 levels left

rFire   . . .        i - staff of cold {rC+}
rCold   + + .        (no shield)
rNeg    . . .        a - +0 robe
rPois   .            (no helmet)
rElec   .            (no cloak)
rCorr   .            d - +0 pair of gloves
SInv    .            c - +0 pair of boots
Will    .....        q - amulet of guardian spirit {Spirit}
Stlth   +            l - ring of protection from cold {rC+, !d}
HPRegen 0.29/turn    (no ring)
MPRegen 0.15/turn

%: guardian spirit
@: on fire, glowing
A: fangs 1, strong nose, distributed training
a: Renounce Religion, Channel Magic


You were on level 6 of the Dungeon.
You worshipped Sif Muna.
Sif Muna was aware of your devotion.
You visited 1 branch of the dungeon, and saw 6 of its levels.

You collected 403 gold pieces.

Inventory:

Hand Weapons
 m - a +1 whip of venom
   (You took it off a kobold on level 3 of the Dungeon)
 p - a +1 dagger of venom
   (You took it off an orc wizard on level 3 of the Dungeon)
 s - a +3 dagger
   (You took it off a kobold on level 4 of the Dungeon)
Missiles
 j - 7 javelins
Armour
 a - a +0 robe (worn)
 c - a +0 pair of boots (worn)
   (You found it on level 1 of the Dungeon)
 d - a +0 pair of gloves (worn)
   (You found it on level 1 of the Dungeon)
Magical Staves
 i - a staff of cold (weapon) {rC+}
   (You found it on level 2 of the Dungeon)
Jewellery
 l - a ring of protection from cold (left hand) {rC+, !d}
   (You found it on level 3 of the Dungeon)
 q - an amulet of guardian spirit (around neck) {Spirit}
   (You found it on level 3 of the Dungeon)
Wands
 u - a wand of iceblast (11)
   (You found it on level 4 of the Dungeon)
Scrolls
 e - 3 scrolls of teleportation {unknown}
 f - 7 scrolls of identify {unknown}
 g - a scroll of brand weapon {unknown}
 h - a scroll of enchant armour {unknown}
 k - a scroll of fog {unknown}
 o - a scroll of noise {unknown}
 t - a scroll of immolation {unknown}
 x - a scroll of vulnerability {unknown}
 y - a scroll of revelation {unknown}
 A - a scroll of fear {unknown}
Potions
 b - a potion of magic
 n - 3 potions of brilliance {unknown}
 r - a potion of invisibility {unknown}
 v - 2 potions of enlightenment {unknown}
 w - 2 potions of mutation {unknown}
 z - a potion of curing {unknown}


   Skills:
 + Level 3.6 Fighting
 + Level 3.6 Short Blades
 + Level 3.6 Long Blades
 + Level 3.6 Axes
 + Level 3.6 Maces & Flails
 + Level 3.6 Polearms
 + Level 3.6 Staves
 + Level 3.6 Ranged Weapons
 + Level 3.6 Throwing
 + Level 3.6 Armour
 + Level 5.9 Dodging
 + Level 5.6 Stealth
 + Level 3.6 Shields
 + Level 3.6 Unarmed Combat
 + Level 6.2 Spellcasting
 + Level 7.7 Conjurations
 + Level 3.0 Hexes
 + Level 3.0 Summonings
 + Level 3.0 Necromancy
 + Level 3.0 Translocations
 + Level 3.0 Fire Magic
 + Level 3.0 Ice Magic
 + Level 3.0 Air Magic
 + Level 3.0 Earth Magic
 + Level 3.0 Alchemy
 + Level 4.0 Invocations
 + Level 3.6 Evocations
 + Level 3.2 Shapeshifting


You had 5 spell levels left.
You knew the following spells:

 Your Spells              Type           Power      Damage    Failure   Level
a - Magic Dart            Conj           100%       1d8       1%          1
b - Searing Ray           Conj           74%        2d7       1%          2
c - Fulminant Prism       Conj/Alch      13%        3d8       11%         4
d - Frozen Ramparts       Ice            54%        1d9       9%          3
x - Iskenderun's Mystic   Conj/Tloc      27%        2d7       11%         4

Your spell library contained the following spells:

 Spells                   Type           Power      Damage    Failure   Level
 Freeze                   Ice            100%       1d10      3%          1
 Slow                     Hex            72%        N/A       3%          1
 Hailstorm                Conj/Ice       41%        3d9       3%          3
 Lesser Beckoning         Tloc           36%        N/A       4%          2
 Confusing Touch          Hex            18%        N/A       9%          3
 Gell's Gravitas          Tloc           18%        N/A       9%          3
 Sigil of Binding         Hex            18%        N/A       9%          3
 Teleport Other           Tloc           18%        N/A       9%          3
 Vampiric Draining        Necr           18%        2d7       9%          3
 Chain Lightning          Conj/Air       13%        3d18      100%        9
 Fire Storm               Conj/Fire      13%        8d4       100%        9
 Shatter                  Erth           9%         3d11*     100%        9


Dungeon Overview and Level Annotations

Branches:
Dungeon (6/15)             Temple (0/1) D:4

Altars:
Hepliaklqana
Kikubaaqudgha
Nemelex Xobeh
Sif Muna

Shops:
D:5 (


Innate Abilities, Weirdness & Mutations

You have very sharp teeth.
Your uncanny sense of smell can sniff out nearby items.
Your experience applies equally to all skills.


Message History

The liquid fire burns you!
You feel sick.
You take 3 damage, and have 45/58 hp.
You now have 3/17 mp.
The magic dart hits the bombardier beetle.
The liquid fire burns you!
You feel sick.
The bombardier beetle sprays incendiary fluid at you.
The burning spray hits you.
You are even more covered in liquid fire!
You take 5 damage, and have 40/58 hp.
You now have 2/17 mp.
Casting: Magic Dart (safe; 1% risk of failure)
Confirm with . or Enter, or press ? or * to list all spells.
Aiming: Searing Ray (safe; 1% risk of failure)
Press: ? - help, Shift-Dir - straight line, f/p - bombardier beetle
Aim: a bombardier beetle (moderately wounded, 88% to hit)
The searing ray hits the bombardier beetle. (Press . to maintain the ray.)
The liquid fire burns you!
You feel sick.
You are no longer poisoned.
You take 6 damage, and have 34/58 hp.
You now have 0/17 mp.
Without enough magic to sustain it, your searing ray dissipates.
The liquid fire burns you!
The frozen ramparts melt away.
You take 3 damage, and have 31/58 hp.
The liquid fire burns you!
You take 3 damage, and have 28/58 hp.
You shake off some of the fire as you move.
The liquid fire burns you!
There is a stone staircase leading down here.
You take 5 damage, and have 23/58 hp.
You shake off some of the fire as you move.
The liquid fire burns you!
You take 4 damage, and have 19/58 hp.
You shake off the liquid fire.
There is a stone staircase leading down here.
You hit the bombardier beetle but do no damage.
You bite the bombardier beetle, but do no damage.
The bombardier beetle completely misses you.
You barely miss the bombardier beetle.
Your punch misses the bombardier beetle.
You hit the bombardier beetle but do no damage.
Your bite misses the bombardier beetle. The bombardier beetle bites you.
You take 1 damage, and have 19/58 hp.
You hit the bombardier beetle but do no damage.
The bombardier beetle bites you.
You hit the bombardier beetle but do no damage.
You barely miss the bombardier beetle.
The bombardier beetle barely misses you.
You completely miss the bombardier beetle.
You barely miss the bombardier beetle.
The bombardier beetle bites you but does no damage.
You hit the bombardier beetle. You freeze the bombardier beetle.
The bombardier beetle sprays incendiary fluid at you.
The burning spray hits you.
You are covered in liquid fire!
You hit the bombardier beetle but do no damage.
You freeze the bombardier beetle.
You bite the bombardier beetle, but do no damage.
The liquid fire burns you!
You take 2 damage, and have 18/58 hp.
Casting: Searing Ray (safe; 1% risk of failure)
Confirm with . or Enter, or press ? or * to list all spells.
Aiming: Searing Ray (safe; 1% risk of failure)
Press: ? - help, Shift-Dir - straight line, f/p - bombardier beetle
Aim: a bombardier beetle (almost dead, 88% to hit)
The searing ray hits the bombardier beetle!
Sif Muna accepts your kill. (Press . to maintain the ray.)
The liquid fire burns you!
* * * LOW HITPOINT WARNING * * *
Your Hexes skill increases to level 3!
Your Summonings skill increases to level 3!
Your Necromancy skill increases to level 3!
Your Translocations skill increases to level 3!
Your Fire Magic skill increases to level 3!
Your Ice Magic skill increases to level 3!
Your Air Magic skill increases to level 3!
Your Earth Magic skill increases to level 3!
Your Alchemy skill increases to level 3!
Your Invocations skill increases to level 4!
You take 1 damage, and have 17/59 hp.
You now have 1/17 mp.
You are on fire!
You are on fire!
You are on fire!
You are on fire!
You are on fire!
The liquid fire burns you!
* * * LOW HITPOINT WARNING * * *
You take 4 damage, and have 13/59 hp.
You now have 0/17 mp.
There are no items here.
Without enough magic to sustain it, your searing ray dissipates.
The liquid fire burns you!
* * * LOW HITPOINT WARNING * * *
You take 6 damage, and have 7/59 hp.
The liquid fire burns you!
* * * LOW HITPOINT WARNING * * *
You take 3 damage, and have 4/59 hp.
The liquid fire burns you!
You die...

#................# #.#
##................####..
#..................##...
##......................
#.......†..............
#......................
##.....................
##....................
##..@................
##.)####.............
##.).## ##......)....#
##...).# #..........##
#......## ##........##
#..##...## #.......##
#.# ##...# #........ #.#
#...# ##........ ##
##...##..........


There were no monsters in sight!

Vanquished Creatures
  An ice beast (D:5)
  2 black bears
  A centaur (D:6)
  An ogre (D:5)
  A kobold brigand (D:6)
  A phantom (D:3)
  A scorpion (D:5)
  A jelly (D:6)
  A bombardier beetle (D:6)
  4 orc priests
  5 hounds
  5 iguanas
  An orc wizard (D:3)
  2 sleepcaps
  6 gnolls
  5 adders
  2 dart slugs (D:3)
  2 ribbon worms
  14 orcs
  8 endoplasms
  5 giant cockroaches
  5 goblins
  10 hobgoblins
  3 jackals (D:5)
  7 kobolds
  3 quokkas
  4 ball pythons
  7 bats
  8 frilled lizards
  7 rats
123 creatures vanquished.

Vanquished Creatures (others)
  A human (D:3)
1 creature vanquished.

Grand Total: 124 creatures vanquished

Notes
Turn   | Place    | Note
-------+----------+-------------------------------------------
     0 | D:1      | IndexError the Gnoll Conjurer began the quest for the Orb.
     0 | D:1      | Reached XP level 1. HP: 13/13 MP: 6/6
   319 | D:1      | Reached XP level 2. HP: 19/19 MP: 2/7
  1399 | D:2      | Reached skill level 5 in Spellcasting
  1399 | D:2      | Reached XP level 3. HP: 25/25 MP: 5/9
  1531 | D:2      | Learned a level 2 spell: Searing Ray
  1654 | D:2      | Reached skill level 1 in Fighting
  1654 | D:2      | Reached skill level 1 in Short Blades
  1654 | D:2      | Reached skill level 1 in Long Blades
  1654 | D:2      | Reached skill level 1 in Axes
  1654 | D:2      | Reached skill level 1 in Maces & Flails
  1654 | D:2      | Reached skill level 1 in Polearms
  1654 | D:2      | Reached skill level 1 in Staves
  1654 | D:2      | Reached skill level 1 in Ranged Weapons
  1654 | D:2      | Reached skill level 1 in Throwing
  1654 | D:2      | Reached skill level 1 in Armour
  1654 | D:2      | Reached skill level 1 in Shields
  1654 | D:2      | Reached skill level 1 in Unarmed Combat
  1654 | D:2      | Reached skill level 1 in Invocations
  1654 | D:2      | Reached skill level 1 in Evocations
  1676 | D:2      | Reached skill level 1 in Shapeshifting
  1676 | D:2      | Reached XP level 4. HP: 32/32 MP: 0/11
  2385 | D:2      | Found a faded altar of an unknown god.
  2469 | D:3      | Reached skill level 1 in Hexes
  2469 | D:3      | Reached skill level 1 in Summonings
  2469 | D:3      | Reached skill level 1 in Necromancy
  2469 | D:3      | Reached skill level 1 in Translocations
  2469 | D:3      | Reached skill level 1 in Fire Magic
  2469 | D:3      | Reached skill level 1 in Ice Magic
  2469 | D:3      | Reached skill level 1 in Air Magic
  2469 | D:3      | Reached skill level 1 in Earth Magic
  2469 | D:3      | Reached skill level 1 in Alchemy
  2510 | D:3      | Found a shimmering blue altar of Sif Muna.
  2603 | D:3      | Reached XP level 5. HP: 32/37 MP: 3/12
  2931 | D:3      | Learned a level 4 spell: Fulminant Prism
  2936 | D:3      | Learned a level 4 spell: Iskenderun's Mystic Blast
  3071 | D:3      | Noticed a phantom
  3079 | D:3      | Killed a phantom
  3080 | D:3      | Reached skill level 2 in Invocations
  3224 | D:3      | Reached XP level 6. HP: 44/44 MP: 9/13
  3727 | D:3      | Found an ancient bone altar of Kikubaaqudgha.
  3728 | D:3      | Noticed a human
  3731 | D:3      | Killed a human
  3806 | D:3      | Became a worshipper of Sif Muna the Loreminder
  3971 | D:3      | Reached skill level 2 in Fighting
  3971 | D:3      | Reached skill level 2 in Short Blades
  3971 | D:3      | Reached skill level 2 in Long Blades
  3971 | D:3      | Reached skill level 2 in Axes
  3971 | D:3      | Reached skill level 2 in Maces & Flails
  3971 | D:3      | Reached skill level 2 in Polearms
  3971 | D:3      | Reached skill level 2 in Staves
  3971 | D:3      | Reached skill level 2 in Ranged Weapons
  3971 | D:3      | Reached skill level 2 in Throwing
  3971 | D:3      | Reached skill level 2 in Armour
  3971 | D:3      | Reached skill level 5 in Dodging
  3971 | D:3      | Reached skill level 2 in Shields
  3971 | D:3      | Reached skill level 2 in Unarmed Combat
  3971 | D:3      | Reached skill level 2 in Evocations
  4152 | D:4      | Learned a level 3 spell: Frozen Ramparts
  4192 | D:4      | Found a staircase to the Ecumenical Temple.
  4437 | D:4      | Found a sparkling altar of Nemelex Xobeh.
  4443 | D:4      | Found a hazy altar of Hepliaklqana.
  4475 | D:4      | Reached skill level 2 in Shapeshifting
  4594 | D:4      | Reached * piety under Sif Muna
  4703 | D:4      | Reached XP level 7. HP: 43/51 MP: 6/15
  5554 | D:5      | Entered Level 5 of the Dungeon
  5635 | D:4      | Reached skill level 2 in Hexes
  5635 | D:4      | Reached skill level 2 in Summonings
  5635 | D:4      | Reached skill level 2 in Necromancy
  5635 | D:4      | Reached skill level 2 in Translocations
  5635 | D:4      | Reached skill level 2 in Fire Magic
  5635 | D:4      | Reached skill level 2 in Ice Magic
  5635 | D:4      | Reached skill level 2 in Air Magic
  5635 | D:4      | Reached skill level 2 in Earth Magic
  5635 | D:4      | Reached skill level 2 in Alchemy
  6031 | D:5      | Reached skill level 5 in Stealth
  6582 | D:5      | Reached skill level 3 in Invocations
  6676 | D:5      | Reached skill level 3 in Fighting
  6676 | D:5      | Reached skill level 3 in Short Blades
  6676 | D:5      | Reached skill level 3 in Long Blades
  6676 | D:5      | Reached skill level 3 in Axes
  6676 | D:5      | Reached skill level 3 in Maces & Flails
  6676 | D:5      | Reached skill level 3 in Polearms
  6676 | D:5      | Reached skill level 3 in Staves
  6676 | D:5      | Reached skill level 3 in Ranged Weapons
  6676 | D:5      | Reached skill level 3 in Throwing
  6676 | D:5      | Reached skill level 3 in Armour
  6676 | D:5      | Reached skill level 3 in Shields
  6676 | D:5      | Reached skill level 3 in Unarmed Combat
  6676 | D:5      | Reached skill level 3 in Evocations
  6676 | D:5      | Reached XP level 8. HP: 55/58 MP: 5/16
  7246 | D:5      | Reached skill level 6 in Spellcasting
  7284 | D:5      | Found Yplewuazxe's Weapon Shoppe.
  7370 | D:6      | Reached skill level 3 in Shapeshifting
  8010 | D:6      | Reached skill level 3 in Hexes
  8010 | D:6      | Reached skill level 3 in Summonings
  8010 | D:6      | Reached skill level 3 in Necromancy
  8010 | D:6      | Reached skill level 3 in Translocations
  8010 | D:6      | Reached skill level 3 in Fire Magic
  8010 | D:6      | Reached skill level 3 in Ice Magic
  8010 | D:6      | Reached skill level 3 in Air Magic
  8010 | D:6      | Reached skill level 3 in Earth Magic
  8010 | D:6      | Reached skill level 3 in Alchemy
  8010 | D:6      | Reached skill level 4 in Invocations
  8010 | D:6      | HP: 13/59 [burnt (4)]
  8012 | D:6      | HP: 3/59 [burnt (4)]
  8013 | D:6      | Incinerated by a bombardier beetle

Illustrated notes

Levels and vault maps discovered:
D:1:      wander_arrival_fairy_ring, layout_basic, serial_co_window_serial,
          co_window_paths_b, co_window_paths_a, co_window_paths_b,
          co_window_corner_a, co_window_of_opportunity_a, co_window_corner_a,
          co_window_corner_a, co_window_of_opportunity_b, co_window_paths_c,
          co_window_broadway_c, co_window_broadway_c, co_window_2corner,
          co_window_2corner, glass_columns_a, glass_columns_b, glass_columns_c,
          glass_columns_a, glass_columns_a
D:2:      layout_loops_ring, shapermc_ecumenical_altar_pompeii
D:3:      layout_basic, nicolae_sif_muna_condensation, tgw_kikubaaqudgha,
          kennysheep_another_room
D:4:      layout_cave_pods, mainiacjoe_overflow_large_starburst, temple_green,
          amcnicky_mini_rare_corridor_liquid
D:5:      layout_basic, serial_shops, nicolae_shop_peninsula
D:6:      layout_cave_pods, minmay_misc_feat_iff

Skill      XL: |  1  2  3  4  5  6  7  8 |
---------------+-------------------------+-----
Spellcasting   | 5 6 |  6.2
Fighting       | 1 2 3 |  3.6
Short Blades   | 1 2 3 |  3.6
Long Blades    | 1 2 3 |  3.6
Axes           | 1 2 3 |  3.6
Maces & Flails | 1 2 3 |  3.6
Polearms       | 1 2 3 |  3.6
Staves         | 1 2 3 |  3.6
Ranged Weapons | 1 2 3 |  3.6
Throwing       | 1 2 3 |  3.6
Armour         | 1 2 3 |  3.6
Shields        | 1 2 3 |  3.6
Unarmed Combat | 1 2 3 |  3.6
Invocations    | 1 2 3 4 |  4.0
Evocations     | 1 2 3 |  3.6
Shapeshifting  | 1 2 3 |  3.2
Hexes          | 1 2 3 |  3.0
Summonings     | 1 2 3 |  3.0
Necromancy     | 1 2 3 |  3.0
Translocations | 1 2 3 |  3.0
Fire Magic     | 1 2 3 |  3.0
Ice Magic      | 1 2 3 |  3.0
Air Magic      | 1 2 3 |  3.0
Earth Magic    | 1 2 3 |  3.0
Alchemy        | 1 2 3 |  3.0
Dodging        | 5 |  5.9
Stealth        | 5 |  5.6
Conjurations   | |  7.7

Action                     |  1- 3 |  4- 6 |  7- 9 || total
---------------------------+-------+-------+-------++-------
  Melee: Staff             |       |       |    15 ||    15
         Bite              |       |       |     3 ||     3
   Cast: Magic Dart        |    52 |   102 |    60 ||   214
         Searing Ray       |     1 |    19 |    21 ||    41
         Iskenderun's Myst |       |       |     1 ||     1
         Frozen Ramparts   |       |       |     1 ||     1
 Armour: Robe              |     2 |    10 |    40 ||    52
  Dodge: Dodged            |     1 |     4 |    36 ||    41

Table legend: (Time is in decaauts)
 A = Elapsed time spent in this place.
 B = Non-inter-level travel time spent in this place.
 C = Inter-level travel time spent in this place.
 D = Time resting spent in this place.
 E = Time spent auto-exploring this place.
 F = Levels seen in this place.
 G = Mean time per level.
                   A        B        C        D        E       F      G
               +--------+--------+--------+--------+--------+-----+--------+
         Total |   8016 |   7417 |    599 |      0 |   6721 |   6 | 1336.0 |
       Dungeon |   8016 |   7417 |    599 |      0 |   6721 |   6 | 1336.0 |
               +--------+--------+--------+--------+--------+-----+--------+

Top non-repeatable levels by time:
     D:5: 1650 daAuts
     D:4: 1620 daAuts
     D:3: 1557 daAuts
     D:1: 1492 daAuts
     D:2: 1035 daAuts
     D:6: 660 daAuts

Levels and vault maps discovered:
D:1:      wander_arrival_fairy_ring, layout_basic, serial_co_window_serial,
          co_window_paths_b, co_window_paths_a, co_window_paths_b,
          co_window_corner_a, co_window_of_opportunity_a, co_window_corner_a,
          co_window_corner_a, co_window_of_opportunity_b, co_window_paths_c,
          co_window_broadway_c, co_window_broadway_c, co_window_2corner,
          co_window_2corner, glass_columns_a, glass_columns_b, glass_columns_c,
          glass_columns_a, glass_columns_a
D:2:      layout_loops_ring, shapermc_ecumenical_altar_pompeii
D:3:      layout_basic, nicolae_sif_muna_condensation, tgw_kikubaaqudgha,
          kennysheep_another_room
D:4:      layout_cave_pods, mainiacjoe_overflow_large_starburst, temple_green,
          amcnicky_mini_rare_corridor_liquid
D:5:      layout_basic, serial_shops, nicolae_shop_peninsula
D:6:      layout_cave_pods, minmay_misc_feat_iff

Table legend: (Time is in decaauts)
 A = Elapsed time spent in this place.
 B = Non-inter-level travel time spent in this place.
 C = Inter-level travel time spent in this place.
 D = Time resting spent in this place.
 E = Time spent auto-exploring this place.
 F = Levels seen in this place.
 G = Mean time per level.
                   A        B        C        D        E       F      G
               +--------+--------+--------+--------+--------+-----+--------+
         Total |   8016 |   7417 |    599 |      0 |   6721 |   6 | 1336.0 |
       Dungeon |   8016 |   7417 |    599 |      0 |   6721 |   6 | 1336.0 |
               +--------+--------+--------+--------+--------+-----+--------+

Top non-repeatable levels by time:
     D:5: 1650 daAuts
     D:4: 1620 daAuts
     D:3: 1557 daAuts
     D:1: 1492 daAuts
     D:2: 1035 daAuts
     D:6: 660 daAuts

Table legend:
 A = Kills in this place as a percentage of kills in the entire game.
 B = Kills by you in this place as a percentage of kills by you in the entire game.
 C = Kills by friends in this place as a percentage of kills by friends in the entire game.
 D = Other kills in this place as a percentage of other kills in the entire game.
 E = Experience gained in this place as a percentage of experience gained in the entire game.
 F = Experience gained in this place divided by the number of levels of this place that you have seen.
                   A       B       C       D       E      F
               +-------+-------+-------+-------+-------+----------------------
         Total | 100.0 | 100.0 |   N/A |   N/A | 100.0 | 329.2
       Dungeon | 100.0 | 100.0 |   N/A |   N/A | 100.0 | 329.2
               +-------+-------+-------+-------+-------+----------------------
